Map: Ulrena

Players

Solipsis - Winner!

  • Race: Terran Terran
  • League: Silver

Sebastian

  • Race: Terran Terran

VOD

Have the link to the VOD?

Description

Time

  • Played on: Dec. 6, 2015, 2:15 a.m.
  • Length: 13:28
Show
View Real Time Build Order
Export as new Build Order

Solipsis Terran - Winner!

Build Orders: Reaper Expand 

Get SALT Encoding   

  12  0:01  SCV  
  13  0:13  SCV  
  14  0:19  Supply Depot  
  14  0:26  SCV  
  15  0:40  SCV  
  15  0:42  Barracks  
  16  0:50  Refinery  
  16  0:52  SCV  
  17  1:04  SCV  
  17  1:30  Supply Depot  
  17  1:42  Reaper  
  17  1:46  SCV  
  19  1:47  Refinery  
  19  1:58  SCV  
  20  2:06  Command Center  
  20  2:10  SCV  
  21  2:18  Factory  
  21  2:24  Reaper  
  21  2:28  SCV  
  23  2:40  SCV  
  24  3:09  Barracks  
  24  3:12  Starport, Orbital Command  
  24  3:19  Factory Reactor  
  23  3:32  Barracks Reactor, Orbital Command  
  23  3:41  Supply Depot  
  23  3:46  Supply Depot  
  23  3:51  SCV  
  23  3:54  Starport Reactor  
  24  3:56  Starport Tech Lab  
  24  4:00  Widow Mine  
  26  4:03  SCV  
  26  4:05  Widow Mine  
  26  4:08  Barracks Tech Lab  
  29  4:10  Marine  
  29  4:11  Marine  
  29  4:16  SCV  
  32  4:17  SCV  
  32  4:23  Bunker  
  33  4:27  Banshee  
  36  4:33  Cloaking Field  
  36  4:39  Marine  
  36  4:40  Marauder, Marine  
  36  4:42  Widow Mine  
  42  4:47  SCV  
  42  4:49  Refinery  
  42  4:50  SCV  
  44  4:56  Supply Depot  
  44  4:59  SCV  
  45  5:02  Widow Mine  
  47  5:09  Banshee  
  47  5:10  Marine  
  47  5:11  Widow Mine  
  47  5:12  Marine  
  54  5:26  SCV x2  
  56  5:33  Supply Depot  
  56  5:37  Widow Mine  
  56  5:38  SCV  
  56  5:39  Engineering Bay  
  56  5:40  Marine  
  60  5:43  Engineering Bay  
  60  5:56  Marine  
  61  5:58  Marauder, Marine  
  64  6:08  SCV x2  
  64  6:10  Widow Mine x2  
  70  6:12  Medivac  
  70  6:13  Marine  
  70  6:16  Marine  
  74  6:20  Marauder  
  76  6:31  Marine  
  77  6:34  Barracks, Marine  
  77  6:35  Terran Infantry Weapons Level 1, Terran Infantry Armor Level 1  
  77  6:37  Barracks  
  78  6:45  Supply Depot  
  78  6:48  Supply Depot  
  78  7:07  Marauder  
  77  7:29  Marauder  
  76  7:35  Barracks Tech Lab  
  76  7:39  SCV x2  
  76  7:42  Marine  
  76  7:43  Marine  
  80  7:48  Command Center  
  80  7:50  High Capacity Fuel Tanks, Marauder  
  82  7:51  Stimpack  
  82  7:53  Factory Tech Lab  
  82  7:59  Armory  
  82  8:00  Marine  
  82  8:02  Supply Depot  
  82  8:04  Supply Depot  
  83  8:09  Combat Shields  
  83  8:11  Marine x3  
  83  8:12  Marauder x2  
  90  8:18  Marine  
  91  8:28  Siege Tank  
  91  8:30  Barracks  
  91  8:33  Marauder  
  96  8:36  Refinery  
  96  8:50  Marine x3  
  96  8:51  Marine  
  96  8:52  Marauder  
  96  8:55  Marauder  
  104  8:58  SCV x2  
  104  9:00  Siege Tank  
  109  9:10  SCV  
  110  9:20  Barracks Reactor  
  110  9:33  Planetary Fortress  
  110  9:36  Marine x3  
  110  9:37  Marauder x2  
  117  9:39  Siege Tank  
  120  9:52  Concussive Shells  
  120  9:54  Marine x2  
  120  9:55  Marauder  
  124  10:11  Terran Infantry Weapons Level 2  
  124  10:13  Supply Depot x2  
  124  10:21  Supply Depot, Terran Infantry Armor Level 2  
  124  10:22  Supply Depot  
  124  10:23  Supply Depot  
  124  10:26  Marine  
  125  10:34  Medivac x2, Marine x5  
  125  10:35  Marauder  
  135  10:44  Marine  
  134  10:52  Marine  
  126  10:59  Marine  
  127  11:04  Medivac x2  
  129  11:18  Liberator x2  
  126  11:21  Marine x2  
  126  11:22  Marauder x3, Marine  
  134  11:31  Siege Tank  
  143  11:43  Marauder  
  140  12:03  Siege Tank, Marine x4  
  140  12:04  Marauder x3  
  143  12:21  Marine x4  
  147  12:25  Marauder x2  
  147  12:26  Marauder  
  151  12:30  Medivac x2  
  151  12:35  Siege Tank  
  157  12:38  Marine  
  157  12:39  Marine x3  
  161  12:46  Marauder x2  
Show
View Real Time Build Order
Export as new Build Order

Sebastian Terran 

Build Orders: 1/1/1, Liberator Opening 

Get SALT Encoding   

  12  0:01  SCV  
  13  0:13  SCV  
  14  0:19  Supply Depot  
  14  0:25  SCV  
  15  0:41  SCV  
  16  0:44  Barracks  
  16  0:47  Refinery  
  16  0:53  SCV  
  17  1:00  Refinery  
  17  1:05  SCV  
  18  1:17  SCV  
  19  1:29  SCV  
  19  1:30  Marine  
  21  1:40  Factory  
  21  1:41  SCV  
  21  1:45  Supply Depot  
  22  1:53  SCV  
  23  2:07  SCV  
  23  2:08  Supply Depot  
  24  2:13  Marine  
  25  2:25  Starport  
  25  2:32  Factory Tech Lab  
  25  2:33  Barracks Reactor  
  25  2:48  Liberator  
  24  3:04  Siege Tank  
  30  3:10  Marine x2  
  32  3:16  Supply Depot  
  32  3:24  Orbital Command  
  32  3:27  Marine  
  32  3:28  Marine  
  34  3:36  Siege Tank  
  37  3:44  Supply Depot  
  37  3:45  Marine x2  
  39  3:52  SCV  
  40  4:03  Marine x2  
  40  4:08  Supply Depot  
  42  4:16  Command Center  
  42  4:18  Liberator  
  42  4:28  Marine  
  42  4:29  Marine  
  47  4:43  Siege Tank  
  50  4:46  Marine x2  
  52  5:01  Liberator  
  52  5:08  Supply Depot  
  52  5:09  Marine x2  
  57  5:23  Siege Tank  
  57  5:28  Orbital Command  
  60  5:32  Supply Depot  
  60  5:51  Orbital Command  
  60  6:17  SCV  
  61  6:24  SCV  
  60  6:29  SCV  
  57  6:36  SCV  
  57  6:41  SCV, Engineering Bay  
  58  6:48  SCV  
  58  6:53  SCV  
  59  7:00  SCV  
  59  7:05  SCV  
  60  7:12  SCV  
  60  7:31  Missile Turret  
  60  7:41  SCV  
  61  7:45  Missile Turret  
  61  7:48  Refinery  
  61  7:49  Refinery  
  61  7:53  SCV  
  61  7:54  Missile Turret  
  62  8:05  SCV  
  63  8:09  Missile Turret  
  63  8:17  SCV  
  63  8:18  Refinery  
  64  8:29  SCV  
  65  8:34  Missile Turret  
  65  8:36  Medivac  
  65  8:39  Siege Tank, Marine x2  
  72  8:41  SCV  
  73  8:53  SCV  
  74  8:57  Marine x2  
  76  9:03  Supply Depot  
  76  9:05  SCV  
  76  9:06  Medivac  
  79  9:11  Siege Tank  
  79  9:15  Marine x2  
  84  9:18  SCV  
  84  9:19  Liberator  
  85  9:26  Supply Depot  
  85  9:30  SCV  
  86  9:32  Marine  
  86  9:33  Marine  
  91  9:43  Siege Tank  
  94  9:48  Supply Depot  
  94  9:50  Marine x2  
  96  10:02  Liberator  
  96  10:08  Marine x2  
  96  10:12  Supply Depot  
  98  10:17  Siege Tank  
  104  10:35  Supply Depot  
  104  10:44  Liberator  
  96  10:59  Supply Depot  
  93  11:21  Supply Depot, Marine x2  
  93  11:25  Siege Tank  
  96  11:39  Marine x2  
  92  11:45  Supply Depot  
  77  11:57  Siege Tank, Marine x2  
  73  12:13  Starport Tech Lab  
  73  12:14  Marine  
  73  12:15  Marine  
  54  12:29  Siege Tank  
  50  12:32  Marine x2  
  52  12:38  Orbital Command  
  52  12:50  Marine x2  
  54  12:52  Orbital Command  
  59  13:08  Marine x2  
Tags
 
Add a new tag
Caveats
  • Supply blocks, unpowered buildings, or Contaminate may cause inaccurate times.
  • Supply counts are checked every 10 seconds.